 Dungeon Crawl Stone Soup version 0.30.0-30-g96aa6591b8 (webtiles) character file.

Game seed: 11988268049404072432

53 coffeetime the Chopper (level 3, -1/33 HPs)
             Began as a Hill Orc Monk on June 28, 2023.
             Killed from afar by an orc wizard (9 damage)
             ... with a magic dart
             ... on level 3 of the Dungeon.
             The game lasted 00:05:04 (1477 turns).

coffeetime the Chopper (Hill Orc Monk)              Turns: 1477, Time: 00:05:07

Health: -1/33      AC:  6    Str: 15    XL:     3   Next: 87%
Magic:  3/3        EV: 10    Int: 10    God:
Gold:   155        SH:  0    Dex: 13    Spells: 2/2 levels left

rFire   . . .        a - +0 hand axe
rCold   . . .        (no shield)
rNeg    . . .        g - +0 scale mail
rPois   .            (no helmet)
rElec   .            (no cloak)
rCorr   .            (no gloves)
SInv    .            (no boots)
Will    .....        (no amulet) Stlth
                     (no ring)
HPRegen 0.25/turn    (no ring)
MPRegen 0.08/turn

%: no passive effects
@: no status effects
A: no striking features
a: Convert to Beogh


You were on level 3 of the Dungeon.
You visited 1 branch of the dungeon, and saw 3 of its levels.

You collected 155 gold pieces.

Inventory:

Hand Weapons
 a - a +0 hand axe (weapon)
 p - a +4 dagger of speed
Missiles
 h - 8 stones (quivered)
Armour
 b - a +0 robe
 d - an orb of light
 g - a +0 scale mail (worn)
Scrolls
 i - a scroll of amnesia {unknown}
 l - 3 scrolls of identify {unknown}
 n - a scroll of enchant armour {unknown}
 q - 4 scrolls of noise {unknown}
 r - a scroll of fog {unknown}
Potions
 c - a potion of ambrosia
 e - a potion of mutation {unknown}
 f - 2 potions of curing {unknown}
 j - 3 potions of flight {unknown}
 k - 2 potions of brilliance {unknown}
 m - a potion of might {unknown}
 o - a potion of cancellation {unknown}


   Skills:
 + Level 4.0 Fighting
 + Level 5.2 Axes
 + Level 1.3 Armour
 + Level 2.6 Dodging


You had 2 spell levels left.
You didn't know any spells.
Your spell library contained the following spells:

 Spells                   Type           Power      Damage    Failure   Level
 Magic Dart               Conj           0%         1d3       83%         1
 Call Imp                 Summ           0%         N/A       92%         2
 Mephitic Cloud           Conj/Pois/Air  0%         N/A       99%         3


Dungeon Overview and Level Annotations

Branches:
Dungeon (3/15)

Altars:

Annotations:
D:3 Grinder


Message History

The orc priest shouts, "Surrender to Beogh and we'll let you live!" (press Y on the ability menu to convert to Beogh)
You hit the orc.
The orc is moderately wounded.
You hear a shout!
The orc hits you with a +0 club.
You hear a shout!
An orc wizard comes into view. It is wielding a +0 dagger.
The orc priest calls down the wrath of Beogh upon you.
Beogh smites you!
The orc wizard mumbles some strange words.
The orc wizard flickers and vanishes!
Deactivating autopickup; reactivate with Ctrl-A.
The orc attacks as you move away! The orc hits you but does no damage.
The orc attacks as you move away! The orc hits you but does no damage.
A magic dart appears from out of thin air!
The magic dart hits you!
You hit something but do no damage. You hit the orc but do no damage.
The orc misses you. Something hits you but does no damage.
You miss something. You hit the orc but do no damage.
The orc hits you but does no damage. Something hits you.
You hit the orc.
The orc is severely wounded.
You closely miss something. The orc barely misses you.
Something hits you but does no damage.
An orc comes into view. It is wielding a +0 whip.
You closely miss the orc.
The orc is severely wounded.
You barely miss something. The orc barely misses you. Something hits you.
You hit the orc.
You kill the orc!
You hit something but do no damage. Something hits you.
* * * LOW HITPOINT WARNING * * *
You barely miss the orc.
The orc is heavily wounded.
You hit something. The orc barely misses you.
You hear some strange, mumbled words.
A magic dart appears from out of thin air!
The magic dart hits you!
You die...

#...# #.o.# #...#
##### #.#
#...#####.#########
#......##{o..o....#
#...##.###.#####..#
#.......#.#####..#
#####..##.#..o{@oo...#
#......##.#...#####.##
#.###..##.....# #...
#....####..## #.### #
#.#..####..### #.#
#.#.#..)...[...# #..
#.....####.....# #.#
#......# #.....### ..
#.#.##.# #.....#..


You could see an orc priest and 2 orcs.

Vanquished Creatures
  4 worms (D:2)
  An orc (D:3)
  5 ball pythons
  3 bats (D:1)
  5 endoplasms
  2 giant cockroaches
  2 goblins
  3 hobgoblins
  4 frilled lizards
  6 kobolds
  2 rats (D:1)
37 creatures vanquished.

Notes
Turn   | Place    | Note
-------+----------+-------------------------------------------
     0 | D:1      | coffeetime the Hill Orc Monk began the quest for the Orb.
     0 | D:1      | Reached XP level 1. HP: 19/19 MP: 1/1
   158 | D:1      | Reached XP level 2. HP: 27/27 MP: 2/2
   472 | D:1      | Reached skill level 1 in Armour
   518 | D:1      | Found a faded altar of an unknown god.
   764 | D:2      | Reached XP level 3. HP: 29/33 MP: 3/3
   941 | D:2      | Reached skill level 5 in Axes
  1295 | D:3      | Noticed Grinder
  1477 | D:3      | Killed from afar by an orc wizard

Illustrated notes

Levels and vault maps discovered:
D:1:      elethiomel_arrival_quiet, layout_basic,
          shapermc_ecumenical_altar_pompeii, st_stairs_6, dk_noncrumbling_3
D:2:      layout_rooms, grunt_decor_arrowhead,
          wander_ebering_terrifying_dragon_lair
D:3:      layout_loops_cross, mainiacjoe_overflow_cross_hatched, uniq_natasha,
          uniq_grinder

Skill      XL: |  1  2  3 |
---------------+----------+-----
Armour         | 1 |  1.3
Axes           | 5 |  5.2
Fighting       | 4 |  4.0
Dodging        | |  2.6

Action                     || total
---------------------------++-------
  Melee: Hand axe          ||   130
         Punch             ||     2
 Armour: Scale mail        ||    42
  Dodge: Dodged            ||    54
